AoeStats
← Thelostmeta

Four Lakes

503317455Analyzed
3v3 RM · 2mo ago on Aug 31, 2026· 23m 48s· 6 players
Game mode
Random Map
Map size
Normal (6 player)
Population
200
Speed
Normal
Resources
Standard
Victory
Conquest
Starting age
Dark Age
Ending age
Imperial Age
RankedLock teamsTeams togetherTeam positionsShared explorationLock speedFull tech treeHidden civsTurbo modeCheats
Victory
Defeat
🇺🇸 Vietnamese · United States
1048
+10
🇺🇸 Persians · United States
1016
+12
🇺🇸 Shu · United States
1008
+12
vs
🇨🇦 Maya · Canada
1018
-16
🇦🇷 Saracens · Argentina
893
-10
🇹🇷 Franks · Türkiye
853
-9
Legolas
4:27 Loom
15:45 Feudal Age
26:11 Castle Age
Thelostmeta
3:20 Loom
11:05 Feudal Age
12:31 Double-Bit Axe
12:28 Horse Collar
12:59 Fishing Lines
14:20 Wheelbarrow
20:47 Castle Age
20:32 Fletching
20:42 Padded Archer Armor
21:50 Elite Skirmisher
21:52 Crossbowman
23:02 Pikeman
TumaBlack
7:02 Loom
10:54 Feudal Age
11:23 Fishing Lines
14:52 Double-Bit Axe
17:26 Castle Age
16:26 Wheelbarrow
17:54 Forging
18:38 Scale Barding Armor
19:54 Chain Barding Armor
20:23 Forging
20:22 Gold Mining
ThuggishRacer73
8:32 Loom
10:36 Feudal Age
12:40 Double-Bit Axe
13:02 Fishing Lines
13:48 Fishing Lines
13:57 Horse Collar
16:25 Castle Age
15:42 Bloodlines
17:18 Scale Barding Armor
17:20 Gold Mining
20:43 Town Watch
21:08 Husbandry
21:22 Forging
24:08 Chain Barding Armor
RebelAntelope37
3:46 Loom
10:18 Feudal Age
11:51 Double-Bit Axe
19:12 Castle Age
20:23 Gold Mining
hundredcrane97
8:10 Loom
10:30 Feudal Age
11:55 Double-Bit Axe
12:57 Fishing Lines
16:43 Fletching
21:29 Castle Age
21:39 Castle Age
19:21 Horse Collar
20:24 Gold Mining
22:32 Crossbowman
23:59 Gillnets
Connection lost

Rejoining the realm…

Still unreachable

The connection could not be restored.

Session expired

The server has moved on; the page needs a fresh start.